 Dungeon Crawl Stone Soup version 0.18.1-50-g88ac8fd (webtiles) character file.

64 sleepydude the Sneak (level 3, -4/24 HPs)
             Began as a Vampire Summoner on Oct 12, 2016.
             Killed by divine providence
             ... invoked by an orc priest
              (9 damage)
             ... on level 3 of the Dungeon.
             The game lasted 00:12:47 (2242 turns).

sleepydude the Sneak (Vampire Summoner)             Turns: 2242, Time: 00:12:48

Health: -4/24      AC:  3    Str:  7    XL:     3   Next: 91%
Magic:  3/7        EV: 13    Int: 18    God:
Gold:   229        SH:  0    Dex: 14    Spells: 2 memorised, 4 levels left

rFire  . . .     SeeInvis +     f - +0 dagger
rCold  . . .     Gourm    .     a - +0 robe
rNeg   + . .     Faith    .     (no shield)
rPois  .         Spirit   .     (no helmet)
rElec  .         Dismiss  .     (no cloak)
rCorr  .         Reflect  .     (no gloves)
SustAt .         Harm     .     j - +0 pair of boots (curse)
MR     .....                    (no amulet)
Stlth  +++.......               (no ring)
                                (no ring)

@: not resistant to hostile enchantments, fairly stealthy
A: fangs 3, see invisible, unbreathing
a: Bat Form


You were on level 3 of the Dungeon.
You were not thirsty.

You visited 1 branch of the dungeon, and saw 3 of its levels.

You collected 229 gold pieces.

Inventory:

Hand Weapons
 f - a +0 dagger (weapon)
Armour
 a - a +0 robe (worn)
 j - a cursed +0 pair of boots (worn)
Jewellery
 l - a cursed amulet of magic regeneration {unknown}
Scrolls
 d - 2 scrolls of remove curse {unknown}
 e - a scroll of random uselessness {unknown}
 h - 2 scrolls of enchant weapon {unknown}
 i - 2 scrolls of identify {unknown}
 m - a scroll of teleportation {unknown}
 o - a scroll of amnesia {unknown}
Potions
 c - 15 potions of blood
 g - a potion of lignification {unknown}
 k - 2 potions of curing {unknown}
 n - a potion of heal wounds {unknown}
Books
 b - a book of Callings

   Spells                             Type                      Level
   a - Summon Small Mammal            Summoning                    1
   b - Call Imp                       Summoning                    2
   c - Call Canine Familiar           Summoning                    3
   d - Summon Guardian Golem          Hexes/Summoning              3
   e - Summon Lightning Spire         Summoning/Air                4
   f - Summon Ice Beast               Ice/Summoning                4


   Skills:
 + Level 2.7 Dodging
 + Level 4.5 Stealth
 + Level 2.6 Spellcasting
 + Level 4.3 Summonings


You had 4 spell levels left.
You knew the following spells:

 Your Spells              Type           Power        Failure   Level  Hunger
a - Summon Small Mammal   Summ           ###.         2%          1    #......
b - Call Imp              Summ           ###.....     4%          2    ##.....


Dungeon Overview and Level Annotations

Branches:
Dungeon (3/15)

Altars:


Innate Abilities, Weirdness & Mutations

You have razor-sharp teeth.
You have supernaturally acute eyesight.
You can survive without breathing.


Message History

You hit the orc priest but do no damage.
The orc priest is severely wounded.
The orc priest barely misses you.
Your crimson imp closely misses the orc priest.
You swap places.
The orc priest hits your crimson imp with a club.
Your crimson imp blinks!
A goblin comes into view. It is wielding a club.
Casting: Call Imp
Confirm with . or Enter, or press ? or * to list all spells.
A beastly little devil appears in a puff of flame.
You swap places.
The orc priest hits your crimson imp with a club!
Your crimson imp hits the orc priest.
The goblin barely misses your crimson imp.
Your crimson imp closely misses the orc priest.
Your crimson imp barely misses the orc priest.
The orc priest mumbles some strange prayers to Beogh against you.
Beogh smites you!
You die...

...... ###>....
#.#.##..## #....#...#
#.#5.#.#)## #o
#g#5.#.#..# #.
#5#..#.##.######## #.
#.#........(...... #.
#@#.รท#.###.####### #.
#5#..#.# #.)# ### #.
#o#..#.####.#..%..
#.####5#...............
#..%...#.##.####.#.####
########....# #...# #
###### ##..# # .... [
#.####


You could see an orc priest, a goblin and 3 friendly crimson imps.

Vanquished Creatures
  An adder (D:2)
  A giant gecko (D:2)
  An orc (D:3)
  3 bats
  2 giant cockroaches
  2 goblins (D:1)
  A hobgoblin (D:2)
  A jackal (D:3)
  A rat (D:3)
13 creatures vanquished.

Vanquished Creatures (collateral kills)
  3 adders (D:2)
  A dart slug (D:2)
  2 giant geckos
  10 goblins
  5 hobgoblins
  A jackal (D:3)
  4 kobolds
  A quokka (D:2)
  4 bats
  2 rats (D:1)
33 creatures vanquished.

Grand Total: 46 creatures vanquished

Notes
Turn   | Place    | Note
--------------------------------------------------------------
     0 | D:1      | sleepydude the Vampire Summoner began the quest for the Orb.
     0 | D:1      | Reached XP level 1. HP: 13/13 MP: 3/3
   299 | D:1      | Reached XP level 2. HP: 19/19 MP: 1/5
  1287 | D:2      | Learned a level 2 spell: Call Imp
  1468 | D:2      | Reached XP level 3. HP: 24/24 MP: 3/6
  2242 | D:3      | Killed from afar by an orc priest

Skill      XL: |  1  2 |
---------------+-------+-----
Stealth        | 4 |  4.5
Dodging        | |  2.7
Spellcasting   | |  2.6
Summonings     | |  4.3

Action                   || total
-------------------------++-------
Melee: Dagger            ||    36
       Bite              ||     5
 Cast: Summon Small Mamm ||    34
       Call Imp          ||    21
 Stab: Sleeping          ||     7
  Eat: Corpse            ||     8
Armor: Robe              ||    18
Dodge: Dodged            ||    55
